 Dungeon Sprint DCSS version 0.29.1-2-gbd0b4ee654 (webtiles) character file.

Game seed: 17980815506746692437

1087 Zeld the Cleaver (level 8, -1/79 HPs)
             Began as a Minotaur Berserker on Oct 27, 2022.
             Was a Priest of Trog.
             Succumbed to barbed spike wounds
             ... in the Dungeon (Sprint I: "Red Sonja").
             The game lasted 00:00:36 (763 turns).

Zeld the Cleaver (Minotaur Berserker)                Turns: 763, Time: 00:00:37

Health: -1/79      AC:  2    Str: 23    XL:     8   Next: 9%
Magic:  7/7        EV: 20    Int:  4    God:    Trog [***...]
Gold:   270        SH:  0    Dex: 11    Spells: 7/7 levels left

rFire   . . .      SeeInvis .   a - +0 hand axe
rCold   . . .      Faith    .   (no shield)
rNeg    . . .      Spirit   .   b - +0 animal skin
rPois   .          Reflect  .   (helmet restricted)
rElec   .          Harm     .   (no cloak)
rCorr   .          Rampage  .   (no gloves)
Will    .....      NoTele   +   (no boots)
Stlth   +.........              (no amulet)
HPRegen 0.23/turn               (no ring)
MPRegen 0.10/turn               (no ring)

@: mighty, agile, spiked, on berserk cooldown, slowed, invisible, very slow
A: horns 2, retaliatory headbutt
a: Renounce Religion, Berserk, Trog's Hand


You were in the Dungeon.
You worshipped Trog.
Trog was most pleased with you.
You visited 1 branch You collected 270 gold pieces.

Inventory:

Hand Weapons
 a - a +0 hand axe (weapon)
Armour
 b - a +0 animal skin (worn)
Wands
 i - a wand of light (3)
Scrolls
 h - a scroll of blinking
Potions
 c - a potion of curing
 d - a potion of heal wounds
 e - a potion of haste
 f - 2 potions of magic
 g - a potion of berserk rage
 j - a potion of ambrosia {unknown}


   Skills:
 + Level 10.2 Fighting
 * Level 13.8 Axes
 + Level 9.9 Armour
 + Level 9.0 Dodging


You had 7 spell levels left.
You didn't know any spells.
Your spell library was empty.

Dungeon Overview and Level Annotations

Branches:
Dungeon (1/1)

Altars:
Makhleb
Xom
Jiyva
Lugonu


Innate Abilities, Weirdness & Mutations

You have a pair of horns on your head.
You reflexively headbutt those who attack you in melee.


Message History

You strike the helpless kobold demonologist from behind!
You slash the kobold demonologist!
You kill the kobold demonologist!
Trog accepts your kill.
Trog appreciates your killing of a magic user.
The quasit disappears in a puff of smoke!
The crimson imp disappears in a puff of smoke!
The red devil disappears in a puff of smoke!
You catch the helpless kobold demonologist completely off-guard!
You slash the kobold demonologist!
You kill the kobold demonologist!
Trog accepts your kill.
Trog appreciates your killing of a magic user.
The shadow imp disappears in a puff of smoke!
The ufetubus disappears in a puff of smoke!
You feel yourself slow down.
You feel your dexterity returning.
Your Fighting skill increases to level 10!
Your Axes skill increases to level 13!
Your Armour skill increases to level 9!
Your Dodging skill gained 2 levels and is now at level 9!
You have reached level 8!
You feel agile.
The barbs in your skin will harm you if you move.
Continue?
The barbed spikes dig painfully into your body as you move.
* * * LOW HITPOINT WARNING * * *
There is an open door, spattered with blood here.
The barbed spikes dig painfully into your body as you move.
* * * LOW HITPOINT WARNING * * *
You feel a strong urge to attack something.
You slam the door shut with a bang!
You are no longer berserk.
You are exhausted.
You feel as though you will be slow longer.
The barbed spikes dig painfully into your body as you move.
* * * LOW HITPOINT WARNING * * *
The barbed spikes dig painfully into your body as you move.
* * * LOW HITPOINT WARNING * * *
There is an open door here.
The barbed spikes dig painfully into your body as you move.
You die...

#########################
<.#..)..#..'..#__#..+s).#
..)..#..').#..'.@'..#.§.#
..#####'#####+#__####).ss.s#
..# #..# #### #####s.+ ..#
#### ## ..# ⌠⌠# ###


There were no monsters in sight!

Vanquished Creatures
  2 kobold demonologists (D)
  A slime creature (D)
  Sigmund (D)
  A floating eye (D)
  An ogre (D)
  Ijyb (D)
7 creatures vanquished.

Notes
Turn   | Place    | Note
-------+----------+-------------------------------------------
     0 | D        | Zeld the Minotaur Berserker began the quest for the Orb.
     0 | D        | Reached XP level 1. HP: 19/19 MP: 0/0
     2 | D        | Noticed Ijyb
     8 | D        | Killed Ijyb
     9 | D        | Reached skill level 5 in Axes
     9 | D        | Reached XP level 2. HP: 28/28 MP: 1/1
   310 | D        | Noticed an ogre
   312 | D        | Killed an ogre
   313 | D        | Reached skill level 7 in Axes
   313 | D        | Reached skill level 5 in Armour
   313 | D        | Reached XP level 3. HP: 37/37 MP: 2/2
   313 | D        | Reached XP level 4. HP: 44/44 MP: 3/3
   497 | D        | Noticed Sigmund
   503 | D        | Killed Sigmund
   503 | D        | Reached ** piety under Trog
   504 | D        | Reached skill level 10 in Axes
   504 | D        | Reached XP level 5. HP: 53/53 MP: 4/4
   504 | D        | Reached XP level 6. HP: 61/61 MP: 5/5
   554 | D        | Found a burning altar of Makhleb.
   554 | D        | Found a viscous altar of Jiyva.
   554 | D        | Found a shimmering altar of Xom.
   554 | D        | Found a corrupted altar of Lugonu.
   554 | D        | Noticed a slime creature
   561 | D        | Killed a slime creature
   562 | D        | Reached skill level 11 in Axes
   740 | D        | Noticed a kobold demonologist
   740 | D        | Noticed a floating eye
   740 | D        | Noticed a kobold demonologist
   741 | D        | Noticed a chaos spawn
   745 | D        | Killed a floating eye
   746 | D        | Reached skill level 12 in Axes
   746 | D        | Reached XP level 7. HP: 70/70 MP: 6/6
   746 | D        | Noticed a red devil
   756 | D        | Noticed a demonic crawler
   756 | D        | Noticed a demonic crawler
   756 | D        | Noticed a demonic crawler
   756 | D        | Noticed a demonic crawler
   757 | D        | Killed a kobold demonologist
   757 | D        | Reached *** piety under Trog
   757 | D        | Killed a kobold demonologist
   758 | D        | Reached skill level 10 in Fighting
   758 | D        | Reached skill level 13 in Axes
   758 | D        | Reached XP level 8. HP: 32/79 MP: 7/7
   762 | D        | HP: 3/79 [barbs]
   763 | D        | Succumbed to barbed spike wounds

Illustrated notes

Levels and vault maps discovered:
D:        dungeon_sprint_1 [red_sonja_temple_1, red_sonja_temple_small_1]

Skill      XL: |  1  2  3  4  5  6  7 |
---------------+----------------------+-----
Fighting       | 4 6 7 9 10 | 10.2
Axes           | 5 7 10 12 13 | 13.8
Armour         | 3 5 7 8 9 |  9.9
Dodging        | 3 4 6 7 9 |  9.0

Action                   |  1- 3 |  4- 6 |  7- 9 || total
-------------------------+-------+-------+-------++-------
Melee: Hand axe          |     6 |    13 |    11 ||    30
       Headbutt          |     2 |     1 |       ||     3
Invok: Berserk           |     2 |     3 |       ||     5
 Stab: Invisible         |       |       |     4 ||     4
Armor: Animal skin       |       |     1 |     2 ||     3
Dodge: Dodged            |       |     1 |    15 ||    16
